 Dungeon Crawl Stone Soup version 0.27.1-2-g3b301248ec (webtiles) character file.

Game seed: 8243069673962762576

1598 Descartes the Stinger (level 8, -1/41 HPs)
             Began as a Deep Elf Venom Mage on Oct 2, 2021.
             Was an Initiate of Gozag.
             Killed by nerve-wracking pain
             ... invoked by Grinder
              (14 damage)
             ... on level 5 of the Dungeon.
             The game lasted 00:23:13 (8341 turns).

Descartes the Stinger (Deep Elf Venom Mage)         Turns: 8341, Time: 00:23:15

Health: -1/41      AC:  6    Str:  5    XL:     8   Next: 62%
Magic:  17/17      EV: 18    Int: 23    God:    Gozag
Gold:   203        SH:  0    Dex: 15    Spells: 3/17 levels left

rFire    + . .     SeeInvis .   a - +2 quarterstaff (chaos)
rCold    . . .     Faith    .   (shield currently unavailable)
rNeg     . . .     Spirit   .   w - +2 robe {rF+}
rPois    .         Reflect  .   p - +0 helmet
rElec    .         Harm     .   x - +0 cloak
rCorr    .         Rampage  .   (no gloves)
Will     .....                  (no boots)
Stlth    +++.......             (no amulet)
HPRegen  0.13/turn              c - +4 ring of evasion
MPRegen  0.15/turn              (no ring)

@: no status effects
A: no striking features
a: Renounce Religion, Potion Petition, Call Merchant, Bribe Branch


You were on level 5 of the Dungeon.
You worshipped Gozag.
Gozag was aware of your devotion.
You visited 1 branch of the dungeon, and saw 5 of its levels.

You collected 458 gold pieces.
You spent 194 gold pieces at shops.
You paid 61 gold pieces to Gozag.

Inventory:

Hand Weapons
 a - a +2 quarterstaff of chaos (weapon)
 f - a +0 club
 g - a +0 short sword
 h - a +2 short sword of venom
 m - a +2 dagger of venom
 r - a +0 hunting sling
Missiles
 b - 59 stones
 i - 7 boomerangs
 k - 23 bolts
 l - 23 sling bullets
 t - a throwing net
 u - 73 arrows
 C - 6 datura-tipped darts
Armour
 p - a +0 helmet (worn)
 w - a +2 robe of fire resistance (worn)
 x - a +0 cloak (worn)
Jewellery
 c - a +4 ring of evasion (left hand)
Scrolls
 j - a scroll of silence {unknown}
 n - a scroll of magic mapping {unknown}
 o - 2 scrolls of teleportation {unknown}
 q - a scroll of immolation {unknown}
 s - a scroll of enchant weapon {unknown}
 y - a scroll of enchant armour {unknown}
 B - a scroll of noise {unknown}
Potions
 d - 4 potions of curing
 e - a potion of magic
 v - a potion of heal wounds {unknown}
 z - a potion of lignification
 A - 2 potions of might {unknown}


   Skills:
 - Level 5.0 Dodging
 - Level 5.0 Stealth
 - Level 5.0 Spellcasting
 + Level 3.7 Necromancy
 + Level 4.8 Transmutations
 + Level 3.9 Air Magic
 + Level 3.9 Earth Magic
 + Level 6.0 Poison Magic


You had 3 spell levels left.
You knew the following spells:

 Your Spells              Type           Power      Damage    Failure   Level
a - Sting                 Tmut/Pois      100%       1d8       1%          1
b - Poisonous Vapours     Pois/Air       56%        N/A       1%          2
c - Olgreb's Toxic Radia  Pois           33%        N/A       8%          4
d - Blink                 Tloc           N/A        N/A       14%         2
e - Borgnjor's Vile Clut  Necr/Erth      11%        N/A       47%         5

Your spell library contained the following spells:

 Spells                   Type           Power      Damage    Failure   Level
 Mephitic Cloud           Conj/Pois/Air  21%        N/A       8%          3
 Lesser Beckoning         Tloc           2%         N/A       28%         3
 Alistair's Intoxication  Tmut/Pois      20%        N/A       28%         5
 Eringya's Noxious Bog    Tmut/Pois      15%        N/A       83%         6
 Manifold Assault         Tloc           5%         N/A       95%         5


Dungeon Overview and Level Annotations

Branches:
Dungeon (5/15)
 Temple: D:4-7

Altars:
Ashenzari
Dithmenos
Gozag
Nemelex Xobeh
Ru
Uskayaw

Shops:
D:3 [   D:4 *

Annotations:
D:5 Grinder


Message History

You closely miss Grinder.
Grinder is heavily wounded.
Grinder gestures at you.
You struggle to resist.
You barely miss Grinder.
Grinder is heavily wounded.
Grinder gestures at you.
You struggle to resist.
You hit Grinder.
Grinder seems to speed up.
Grinder is severely wounded.
Grinder says, "What is the universe for?"
Grinder blinks!
You barely miss Grinder.
Grinder is severely wounded.
Grinder looks more healthy.
Grinder hits you!
Grinder blinks!
Grinder gestures at you.
You suddenly lose the ability to move!
Grinder hits you. Grinder gestures at you. You resist with some effort.
Grinder gestures at you.
You struggle to resist.
Grinder gestures at you.
You shrug off the repeated paralysis!
Grinder gestures at you. You resist with some effort. Grinder gestures at you.
Pain shoots through your body!
* * * LOW HITPOINT WARNING * * *
You can move again.
You hit Grinder. You burn Grinder.
Grinder is severely wounded.
Grinder barely misses you. Grinder misses you.
You barely miss Grinder.
Grinder is severely wounded.
Grinder completely misses you. Grinder gestures at you.
Pain shoots through your body!
You die...
Your body crumbles into a pile of gold.

#.# ##.###....###.........
#.# #..# ####.....##......
#.# #.## #####........5 #.#
#.# #########....#...
#.####.####.........##.....
#....#...........#### #...
#................# ..
#.>...#..........# ...
#..).#....@......# ####5...
#.........5......###....#
#....##....$.....##..####
#....##..............#
#....##..........._...#
#....##...............#
#....##.........#####.#
#.############..#(..#..# #.
#..#(..#..#


You could see Grinder (fast) and a +0 hand axe.

Vanquished Creatures
  A two-headed ogre (D:4)
  Prince Ribbit (D:5)
  Sigmund (D:3)
  2 ogres
  A water moccasin zombie (D:5)
  An orc priest (D:4)
  Crazy Yiuf (D:3)
  A centaur skeleton (D:4)
  An iguana (D:5)
  Natasha (thrice) (D:3)
  2 orc wizards
  Robin (D:2)
  A gnoll (D:2)
  4 adders (D:5)
  A worm (D:3)
  2 dart slugs
  8 orcs
  4 bats
  3 endoplasms
  4 giant cockroaches
  13 goblins
  9 hobgoblins
  5 jackals (D:1)
  5 quokkas
  7 ball pythons
  3 frilled lizards
  7 kobolds
  8 rats
100 creatures vanquished.

Notes
Turn   | Place    | Note
-------+----------+-------------------------------------------
     0 | D:1      | Descartes the Deep Elf Venom Mage began the quest for the
                  | Orb.
     0 | D:1      | Reached XP level 1. HP: 10/10 MP: 6/6
   199 | D:1      | Reached XP level 2. HP: 15/15 MP: 4/8
   865 | D:1      | Reached XP level 3. HP: 19/19 MP: 7/9
  1933 | D:2      | Noticed Robin
  1956 | D:2      | Learned a level 2 spell: Poisonous Vapours
  2002 | D:2      | Killed Robin
  2154 | D:2      | Reached XP level 4. HP: 20/24 MP: 6/11
  3068 | D:3      | Noticed Sigmund
  3204 | D:3      | Found a sparkling altar of Nemelex Xobeh.
  3710 | D:3      | Found Diexzo's Armour Shop.
  3728 | D:3      | Learned a level 4 spell: Olgreb's Toxic Radiance
  3731 | D:3      | Learned a level 2 spell: Blink
  3769 | D:3      | Found a broken altar of Ashenzari.
  3778 | D:3      | Found an opulent altar of Gozag.
  3837 | D:3      | Became a worshipper of Gozag Ym Sagoz the Greedy
  3913 | D:3      | Noticed Natasha
  3918 | D:3      | Killed Natasha
  3919 | D:3      | Reached skill level 1 in Air Magic
  3953 | D:3      | Noticed Natasha
  3960 | D:3      | Killed Natasha
  3961 | D:3      | Reached skill level 4 in Poison Magic
  3961 | D:3      | Reached XP level 5. HP: 21/28 MP: 1/13
  4326 | D:3      | Noticed a phantom
  4695 | D:3      | Noticed Natasha
  4706 | D:3      | Killed Natasha
  4730 | D:3      | Killed Sigmund
  4731 | D:3      | Reached XP level 6. HP: 9/32 MP: 7/15
  5135 | D:3      | Found a shadowy altar of Dithmenos.
  5351 | D:3      | Found a runed translucent door.
  5352 | D:3      | Noticed Crazy Yiuf
  5574 | D:3      | Bought a +2 robe of fire resistance for 194 gold pieces
  5673 | D:3      | Learned a level 5 spell: Borgnjor's Vile Clutch
  5794 | D:4      | Found a sacrificial altar of Ru.
  6070 | D:3      | Killed Crazy Yiuf
  6550 | D:4      | Reached skill level 5 in Spellcasting
  6550 | D:4      | Reached skill level 1 in Necromancy
  6550 | D:4      | Reached skill level 1 in Earth Magic
  6550 | D:4      | Reached XP level 7. HP: 36/36 MP: 1/16
  6676 | D:4      | Found Zunokef's Elemental Accessories.
  6998 | D:4      | Noticed a two-headed ogre
  7307 | D:5      | Entered Level 5 of the Dungeon
  7323 | D:5      | Noticed Grinder
  7535 | D:5      | Noticed Prince Ribbit
  7678 | D:4      | Killed a two-headed ogre
  7679 | D:4      | Reached skill level 5 in Dodging
  7679 | D:4      | Reached skill level 5 in Stealth
  7679 | D:4      | Reached skill level 5 in Poison Magic
  7679 | D:4      | Reached XP level 8. HP: 25/41 MP: 1/17
  7982 | D:5      | Killed Prince Ribbit
  8181 | D:5      | Found a hide-covered altar of Uskayaw.
  8238 | D:5      | Noticed a +0 hand axe
  8238 | D:5      | Noticed a +0 hand axe
  8314 | D:5      | Reached skill level 6 in Poison Magic
  8334 | D:5      | Paralysed by Grinder for 6 turns
  8341 | D:5      | Killed from afar by Grinder

Illustrated notes

Levels and vault maps discovered:
D:1:      dpeg_arrival_prison, layout_basic
D:2:      layout_basic, minmay_tromino_v4_b, uniq_robin
D:3:      layout_loops_ring, mainiacjoe_overflow_brackets,
          mainiacjoe_overflow_catwalk_spiral, amcnicky_altar_gilded,
          serial_shops, shop, hangedman_decor_growths, lemuel_flame_loot_1,
          uniq_crazy_yiuf_cottage, uniq_natasha, uniq_sigmund
D:4:      layout_cave_pools, nicolae_ru_sacrificial_ziggurat,
          serial_column_ruins, column_ruins_hut_pillars, column_ruins_hut,
          column_ruins_grid_1, column_ruins_open_medium,
          column_ruins_columns_straight, column_ruins_open_tiny,
          dk_noncrumbling_3, nicolae_elemental_shop
D:5:      layout_rooms, dancing_weapons_uskayaw, minmay_temple_entry_glass,
          gammafunk_ghost_grave, uniq_prince_ribbit1, uniq_grinder

Skill      XL: |  1  2  3  4  5  6  7  8 |
---------------+-------------------------+-----
Stealth        | 3 4 5 |  5.0
Dodging        | 3 4 5 |  5.0
Transmutations | 2 3 4 |  4.8
Spellcasting   | 4 5 |  5.0
Air Magic      | 1 2 3 |  3.9
Poison Magic   | 4 5 6 |  6.0
Necromancy     | 1 3 |  3.7
Earth Magic    | 1 3 |  3.9

Action                   |  1- 3 |  4- 6 |  7- 9 || total
-------------------------+-------+-------+-------++-------
Melee: Short sword       |     9 |    18 |       ||    27
       Quarterstaff      |       |     5 |    50 ||    55
 Cast: Sting             |    95 |    72 |    24 ||   191
       Poisonous Vapours |     1 |    74 |    24 ||    99
       Blink             |       |     9 |     4 ||    13
  Use: Potion            |       |     4 |       ||     4
Armor: Robe              |     3 |    10 |     9 ||    22
       Skin              |       |     3 |       ||     3
Dodge: Dodged            |    32 |    44 |    54 ||   130
